 Dungeon Crawl Stone Soup version 0.22.1-1-ga44c0e5 (webtiles) character file.

130 Garbasso the Stinger (level 5, 0/37 HPs)
             Began as a Gnoll Venom Mage on Oct 5, 2018.
             Killed from afar by a kobold (6 damage)
             ... with a wand of flame (6)
             ... on level 1 of the Dungeon.
             The game lasted 00:08:36 (1683 turns).

Garbasso the Stinger (Gnoll Venom Mage)             Turns: 1683, Time: 00:08:37

Health: 0/37       AC:  4    Str: 11    XL:     5   Next: 13%
Magic:  1/12       EV: 15    Int: 18    God:
Gold:   100        SH:  0    Dex: 15    Spells: 4/14 levels left

rFire    . . .     SeeInvis .     - Unarmed
rCold    . . .     Gourm    .   (no shield)
rNeg     . . .     Faith    .   a - +0 robe
rPois    .         Spirit   .   (no helmet)
rElec    .         Reflect  .   (no cloak)
rCorr    .         Harm     .   s - +1 pair of gloves
MR       .....                  (no boots)
Stlth    +++.......             (no amulet)
HPRegen  0.12/turn              (no ring)
MPRegen  0.13/turn              (no ring)

@: no status effects
A: distributed training, fangs 1, strong nose
a: no special abilities


You were on level 1 of the Dungeon.
You were not hungry.

You visited 1 branch of the dungeon, and saw 2 of its levels.

You collected 100 gold pieces.

Inventory:

Hand Weapons
 g - a +0 hunting sling
Armour
 a - a +0 robe (worn)
 f - a +0 leather armour
 s - a +1 pair of gloves (worn)
Jewellery
 p - a cursed ring of attention {unknown}
Scrolls
 b - 2 scrolls of enchant weapon {unknown}
 d - a scroll of blinking {unknown}
 i - 4 scrolls of magic mapping {unknown}
 j - a scroll of remove curse {unknown}
 l - a scroll of enchant armour {unknown}
 n - a scroll of random uselessness {unknown}
 q - a scroll of amnesia {unknown}
Potions
 e - 2 potions of degeneration {unknown}
 h - a potion of brilliance {unknown}
 k - a potion of haste {unknown}
 m - a potion of curing {unknown}
 o - a potion of agility {unknown}
Comestibles
 c - 4 rations


   Skills:
 + Level 1.3 Fighting
 + Level 1.3 Short Blades
 + Level 1.3 Long Blades
 + Level 1.3 Axes
 + Level 1.3 Maces & Flails
 + Level 1.3 Polearms
 + Level 1.3 Staves
 + Level 1.3 Slings
 + Level 1.3 Bows
 + Level 1.3 Crossbows
 + Level 1.3 Throwing
 + Level 1.3 Armour
 + Level 4.7 Dodging
 + Level 4.3 Stealth
 + Level 1.3 Shields
 + Level 1.3 Unarmed Combat
 + Level 5.1 Spellcasting
 + Level 2.3 Conjurations
 + Level 1.1 Hexes
 + Level 1.1 Charms
 + Level 1.1 Summonings
 + Level 1.1 Necromancy
 + Level 1.1 Translocations
 + Level 1.1 Transmutations
 + Level 1.1 Fire Magic
 + Level 1.1 Ice Magic
 + Level 1.1 Air Magic
 + Level 1.1 Earth Magic
 + Level 5.5 Poison Magic
 + Level 1.5 Invocations
 + Level 1.3 Evocations


You had 4 spell levels left.
You knew the following spells:

 Your Spells              Type           Power        Failure   Level  Hunger
a - Sting                 Conj/Pois      ###.         2%          1    None
b - Poisonous Vapours     Pois/Air       ###...       4%          2    #......
c - Mephitic Cloud        Conj/Pois/Air  ###.....     12%         3    ##.....
d - Olgreb's Toxic Radia  Pois           ###.....     14%         4    ####...

Your spell library contained the following spells:

 Spells                   Type           Power        Failure   Level  Hunger
 Venom Bolt               Conj/Pois      ###.......   58%         5    ######.


Dungeon Overview and Level Annotations

Branches:
Dungeon (2/15)

Altars:
Cheibriados


Innate Abilities, Weirdness & Mutations

Your experience applies equally to all skills.
You have very sharp teeth.
Your uncanny sense of smell can sniff out nearby items.


Message History

The kobold misses you.
The kobold throws a stone.
The stone closely misses you.
You climb upwards.
There is a stone staircase leading down here.
You see here a stone.
You hit the kobold but do no damage.
The kobold hits you with a dagger of speed.
You hit the kobold but do no damage.
The kobold zaps a wand.
The puff of flame hits you!
You closely miss the kobold.
The kobold hits you with a dagger of speed.
You completely miss the kobold.
The kobold hits you with a dagger of speed.
You barely miss the kobold.
The kobold hits you but does no damage. x2
You closely miss the kobold.
The kobold zaps a wand.
The puff of flame hits you!
* * * LOW HITPOINT WARNING * * *
You hit the kobold.
The kobold is severely wounded.
The kobold zaps a wand.
The puff of flame hits you!
You die...

#..........##.##.######### #.#
#####(.....##.##.# #.#
####......##.##.# #.#
#.........##.##.# #.#
##.............#.# #.#
...............#.# #.#
.................###########.#
..............#.K#...........#
...........####.@#.###########
...................#.......#
...................#.#######
....#..............#.#
....#.......######.#.#
....#.......# #.#.#
#####.......# #.#.# #.......#
#.#.# ######### #.#.#


You could see a kobold.

Vanquished Creatures
  Natasha (thrice) (D:2)
  3 adders (D:2)
  2 dart slugs (D:1)
  A leopard gecko (D:1)
  2 giant cockroaches (D:1)
  2 hobgoblins
  4 bats
  2 frilled lizards (D:1)
  2 goblins
  6 kobolds
  2 rats
29 creatures vanquished.

Vanquished Creatures (others)
  11 toadstools (D:2)
11 creatures vanquished.

Grand Total: 40 creatures vanquished

Notes
Turn   | Place    | Note
-------+----------+-------------------------------------------
     0 | D:1      | Garbasso the Gnoll Venom Mage began the quest for the Orb.
     0 | D:1      | Reached XP level 1. HP: 13/13 MP: 6/6
   267 | D:1      | Reached XP level 2. HP: 19/19 MP: 5/7
   271 | D:1      | Learned a level 2 spell: Poisonous Vapours
   910 | D:2      | Noticed Natasha
   914 | D:2      | Killed Natasha
   914 | D:2      | Reached skill level 5 in Spellcasting
   914 | D:2      | Reached skill level 1 in Invocations
   914 | D:2      | Reached XP level 3. HP: 25/25 MP: 0/9
   925 | D:1      | Learned a level 3 spell: Mephitic Cloud
  1137 | D:2      | Reached skill level 1 in Fighting
  1137 | D:2      | Reached skill level 1 in Short Blades
  1137 | D:2      | Reached skill level 1 in Long Blades
  1137 | D:2      | Reached skill level 1 in Axes
  1137 | D:2      | Reached skill level 1 in Maces & Flails
  1137 | D:2      | Reached skill level 1 in Polearms
  1137 | D:2      | Reached skill level 1 in Staves
  1137 | D:2      | Reached skill level 1 in Slings
  1137 | D:2      | Reached skill level 1 in Bows
  1137 | D:2      | Reached skill level 1 in Crossbows
  1137 | D:2      | Reached skill level 1 in Throwing
  1137 | D:2      | Reached skill level 1 in Armour
  1137 | D:2      | Reached skill level 1 in Shields
  1137 | D:2      | Reached skill level 1 in Unarmed Combat
  1137 | D:2      | Reached skill level 1 in Evocations
  1137 | D:2      | Reached XP level 4. HP: 32/32 MP: 6/11
  1143 | D:2      | Learned a level 4 spell: Olgreb's Toxic Radiance
  1201 | D:2      | Found a snail-covered altar of Cheibriados.
  1305 | D:2      | Noticed Natasha
  1311 | D:2      | Killed Natasha
  1556 | D:2      | Reached skill level 1 in Hexes
  1556 | D:2      | Reached skill level 1 in Charms
  1556 | D:2      | Reached skill level 1 in Summonings
  1556 | D:2      | Reached skill level 1 in Necromancy
  1556 | D:2      | Reached skill level 1 in Translocations
  1556 | D:2      | Reached skill level 1 in Transmutations
  1556 | D:2      | Reached skill level 1 in Fire Magic
  1556 | D:2      | Reached skill level 1 in Ice Magic
  1556 | D:2      | Reached skill level 1 in Air Magic
  1556 | D:2      | Reached skill level 1 in Earth Magic
  1646 | D:2      | Noticed Natasha
  1672 | D:2      | Killed Natasha
  1672 | D:2      | Reached XP level 5. HP: 22/37 MP: 0/12
  1683 | D:1      | Killed from afar by a kobold

Skill      XL: |  1  2  3  4 |
---------------+-------------+-----
Conjurations   | 2 |  2.3
Spellcasting   | 5 |  5.1
Invocations    | 1 |  1.5
Fighting       | 1 |  1.3
Short Blades   | 1 |  1.3
Long Blades    | 1 |  1.3
Axes           | 1 |  1.3
Maces & Flails | 1 |  1.3
Polearms       | 1 |  1.3
Staves         | 1 |  1.3
Slings         | 1 |  1.3
Bows           | 1 |  1.3
Crossbows      | 1 |  1.3
Throwing       | 1 |  1.3
Armour         | 1 |  1.3
Shields        | 1 |  1.3
Unarmed Combat | 1 |  1.3
Evocations     | 1 |  1.3
Hexes          | 1 |  1.1
Charms         | 1 |  1.1
Summonings     | 1 |  1.1
Necromancy     | 1 |  1.1
Translocations | 1 |  1.1
Transmutations | 1 |  1.1
Fire Magic     | 1 |  1.1
Ice Magic      | 1 |  1.1
Air Magic      | 1 |  1.1
Earth Magic    | 1 |  1.1
Dodging        | |  4.7
Stealth        | |  4.3
Poison Magic   | |  5.5

Action                   |  1- 3 |  4- 6 || total
-------------------------+-------+-------++-------
Melee: Unarmed           |    20 |    19 ||    39
       Bite              |     1 |       ||     1
 Cast: Sting             |    12 |     1 ||    13
       Poisonous Vapours |    15 |    11 ||    26
       Olgreb's Toxic Ra |       |     2 ||     2
       Mephitic Cloud    |       |     1 ||     1
  Eat: Chunk             |     1 |     2 ||     3
Armor: Robe              |     3 |     6 ||     9
Dodge: Dodged            |    17 |    14 ||    31
